 Dungeon Crawl Stone Soup version 0.22.1-1-ga44c0e5 (webtiles) character file.

3150 wilfster70 the Thaumaturge (level 9, -2/66 HPs)
             Began as a Gnoll Wizard on Oct 8, 2018.
             Was a Believer of Ashenzari.
             Killed from afar by an acid dragon (10 damage)
             ... with a splash of acid
             ... on level 10 of the Dungeon on Oct 12, 2018.
             The game lasted 00:44:08 (11474 turns).

wilfster70 the Thaumaturge (Gnoll Wizard)          Turns: 11474, Time: 00:44:09

Health: -2/66      AC:  2    Str:  9    XL:     9   Next: 93%
Magic:  29/30      EV: 18    Int: 24    God:    Ashenzari [**....]
Gold:   555        SH:  0    Dex: 14    Spells: 9/25 levels left

rFire    . . .     SeeInvis .   a - +2 shortbow (freeze) (curse)
rCold    . . .     Gourm    .   (shield currently unavailable)
rNeg     . . .     Faith    .   c - +0 robe
rPois    .         Spirit   .   E - +0 hat (curse)
rElec    +         Reflect  .   (no cloak)
rCorr    .         Harm     .   (no gloves)
MR       .....                  (no boots)
Stlth    +++.......             (no amulet)
HPRegen  0.21/turn              v - ring of magical power
MPRegen  0.22/turn              p - +2 ring of evasion

@: very slightly contaminated
A: distributed training, fangs 1, horns 1, electricity resistance, strong nose
a: Curse Item, Scrying, Renounce Religion


You were on level 10 of the Dungeon.
You worshipped Ashenzari.
Ashenzari was pleased with you.
You were not hungry.

You visited 2 branches of the dungeon, and saw 11 of its levels.

You collected 681 gold pieces.
You spent 126 gold pieces at shops.

Inventory:

Hand Weapons
 a - a cursed +2 shortbow of freezing (weapon)
 b - a +2 dagger of venom
 t - a +0 blowgun
Missiles
 e - 297 stones
 o - 77 sling bullets
 s - 161 arrows (quivered)
 u - 11 poisoned needles
Armour
 c - a +0 robe (worn)
 E - a cursed +0 hat (worn)
Jewellery
 j - an uncursed ring of resist corrosion
 p - a +2 ring of evasion (right hand)
 v - a ring of magical power (left hand)
 z - an uncursed ring of positive energy
 D - an uncursed ring of flight
Wands
 h - a wand of flame (20)
 n - a wand of digging (13)
 r - a wand of random effects (39)
Scrolls
 i - 3 scrolls of teleportation
 k - 3 scrolls of immolation
 x - a scroll of fog
 A - 2 scrolls of amnesia
 B - 3 scrolls of remove curse
 F - 2 scrolls of magic mapping {unknown}
 G - a scroll of identify
 H - a scroll of acquirement {unknown}
Potions
 f - 2 potions of haste
 g - a potion of lignification
 l - a potion of agility
 m - 2 potions of flight
 q - 2 potions of berserk rage
 w - 2 potions of curing
 C - a potion of ambrosia
Comestibles
 d - 12 rations


   Skills:
 + Level 4.6 Fighting
 + Level 4.6 Short Blades
 + Level 4.6 Long Blades
 + Level 4.6 Axes
 + Level 4.6 Maces & Flails
 + Level 4.6 Polearms
 + Level 4.6 Staves
 + Level 4.6 Slings
 + Level 4.6(7.5) Bows
 + Level 4.6 Crossbows
 + Level 4.6 Throwing
 + Level 4.6 Armour
 + Level 6.6 Dodging
 + Level 6.3 Stealth
 + Level 4.6 Shields
 + Level 4.6 Unarmed Combat
 + Level 8.6 Spellcasting
 + Level 4.4 Conjurations
 + Level 3.8 Hexes
 + Level 3.8 Charms
 + Level 4.4 Summonings
 + Level 3.8 Necromancy
 + Level 4.4 Translocations
 + Level 3.8 Transmutations
 + Level 3.8 Fire Magic
 + Level 3.8 Ice Magic
 + Level 3.8 Air Magic
 + Level 3.8 Earth Magic
 + Level 3.8 Poison Magic
 + Level 5.1 Invocations
 + Level 4.6 Evocations


You had 9 spell levels left.
You knew the following spells:

 Your Spells              Type           Power        Failure   Level  Hunger
a - Magic Dart            Conj           ####         1%          1    None
b - Sticks to Snakes      Tmut           ####....     1%          2    None
c - Conjure Flame         Conj/Fire      ####....     3%          3    None
d - Mephitic Cloud        Conj/Pois/Air  ####....     3%          3    None
e - Call Imp              Summ           ####....     1%          2    None
f - Spider Form           Tmut/Pois      ####......   3%          3    None
g - Blink                 Tloc           N/A          1%          2    None

Your spell library contained the following spells:

 Spells                   Type           Power        Failure   Level  Hunger
 Beastly Appendage        Tmut           ####..       1%          1    None
 Slow                     Hex            ####....     1%          2    None
 Ice Form                 Ice/Tmut       ####....     12%         4    ##.....
 Blade Hands              Tmut           ####......   34%         5    ####...


Dungeon Overview and Level Annotations

Branches:
Dungeon (11/15)            Temple (1/1) D:5
   Lair: D:8-11         Orc: D:9-12

Altars:
Ashenzari
Dithmenos
Fedhas
Gozag
Hepliaklqana
Kikubaaqudgha
Makhleb
Nemelex Xobeh
Okawaru
Ru
Sif Muna
Trog
Vehumet
Wu Jian
Xom
Yredelemnul
Zin

Shops:
D:6 ?

Annotations:
D:4 1 runed door, Blork the orc; gbos's ghost, amateur DrTm


Innate Abilities, Weirdness & Mutations

Your experience applies equally to all skills.
You have very sharp teeth.
Your uncanny sense of smell can sniff out nearby items.
You have a pair of small horns on your head.
You are resistant to electric shocks. (rElec)


Message History

The arrow hits the acid dragon but does no damage.
The acid dragon is almost dead.
An orc comes into view. It is wielding an enchanted dagger.
The acid dragon spits acid at you. The splash of acid hits you!
You are splashed with acid!
The acid burns!
* * * LOW HITPOINT WARNING * * *
The orc shouts!
You hear a shout! x3
An orc comes into view. It is wielding a falchion.
The cyan ugly thing barely misses you.
As you read the scroll of fog, it crumbles to dust.
The scroll dissolves into smoke.
The cyan ugly thing closely misses you.
An orc comes into view. It is wielding a dagger.
Blink to where?
Press: ? - help, Dir - move target cursor, p - acid dragon You are very lightly contaminated with residual magic.
As you read the scroll of blinking, it crumbles to dust.
You are no longer corroded.
The acid dragon spits acid at you. The splash of acid hits you!
You die...

)######§§§§§.......(((.((....?.#
...o.§o§§§§.......(.#####........
..o..§.§o§§.........#, #$######.
o......§§§§.........# +.#
........§§§D........# #.#**
..........(u........+, #..,
###.................#,, #.. *
#.................##.. .., , ,
##+###########@......+ * * ,, , ,
#..####.# , + , #..# * * , , *,
,#..# * #..# * , * , * ,,...# * *
*, , ...# , * , ...# , * * ,


You could see a cyan ugly thing and an acid dragon.

Vanquished Creatures
  A black bear (D:6)
  3 orc warriors
  A sky beast (D:7)
  3 ice beasts (D:6)
  2 ogres
  6 centaurs
  A bullfrog (D:8)
  A water moccasin skeleton (D:6)
  4 scorpions
  3 killer bees (D:8)
  A howler monkey (D:7)
  7 crimson imps
  A bullfrog zombie (D:7)
  3 hounds
  3 jellies
  3 orc wizards
  2 bullfrog skeletons
  3 orc priests
  Jessica (D:3)
  An iguana (D:6)
  5 worker ants
  Ijyb (D:3)
  A hound zombie (D:6)
  A howler monkey zombie (D:7)
  4 gnolls (D:7)
  12 adders
  A shadow imp (D:8)
  2 oozes (D:3)
  3 dart slugs
  5 leopard geckos
  18 orcs
  2 ball pythons
  A giant cockroach (D:7)
  10 goblins
  12 hobgoblins
  15 jackals
  4 quokkas
  13 bats
  4 frilled lizards
  A jackal skeleton (D:5)
  A jackal zombie (D:5)
  11 kobolds
  2 leopard gecko skeletons
  A quokka skeleton (D:3)
  A quokka zombie (D:5)
  4 rats
185 creatures vanquished.

Vanquished Creatures (collateral kills)
  A steam dragon (D:8)
1 creature vanquished.

Vanquished Creatures (others)
  An orc wizard (D:11)
1 creature vanquished.

Grand Total: 187 creatures vanquished

Notes
Turn   | Place    | Note
-------+----------+-------------------------------------------
     0 | D:1      | wilfster70 the Gnoll Wizard began the quest for the Orb.
     0 | D:1      | Reached XP level 1. HP: 13/13 MP: 8/8
   105 | D:1      | Reached XP level 2. HP: 19/19 MP: 8/10
   339 | D:1      | Learned a level 2 spell: Call Imp
   342 | D:1      | Learned a level 2 spell: Blink
   427 | D:1      | Reached XP level 3. HP: 24/25 MP: 5/11
   812 | D:2      | Reached skill level 1 in Invocations
  1160 | D:2      | Reached skill level 1 in Fighting
  1160 | D:2      | Reached skill level 1 in Short Blades
  1160 | D:2      | Reached skill level 1 in Long Blades
  1160 | D:2      | Reached skill level 1 in Axes
  1160 | D:2      | Reached skill level 1 in Maces & Flails
  1160 | D:2      | Reached skill level 1 in Polearms
  1160 | D:2      | Reached skill level 1 in Staves
  1160 | D:2      | Reached skill level 1 in Slings
  1160 | D:2      | Reached skill level 1 in Bows
  1160 | D:2      | Reached skill level 1 in Crossbows
  1160 | D:2      | Reached skill level 1 in Throwing
  1160 | D:2      | Reached skill level 1 in Armour
  1160 | D:2      | Reached skill level 1 in Shields
  1160 | D:2      | Reached skill level 1 in Unarmed Combat
  1160 | D:2      | Reached skill level 1 in Evocations
  1160 | D:2      | Reached XP level 4. HP: 28/32 MP: 2/13
  1343 | D:2      | Learned a level 3 spell: Conjure Flame
  1347 | D:2      | Learned a level 3 spell: Mephitic Cloud
  1603 | D:2      | Reached skill level 1 in Hexes
  1603 | D:2      | Reached skill level 1 in Charms
  1603 | D:2      | Reached skill level 1 in Necromancy
  1603 | D:2      | Reached skill level 1 in Transmutations
  1603 | D:2      | Reached skill level 1 in Fire Magic
  1603 | D:2      | Reached skill level 1 in Ice Magic
  1603 | D:2      | Reached skill level 1 in Air Magic
  1603 | D:2      | Reached skill level 1 in Earth Magic
  1603 | D:2      | Reached skill level 1 in Poison Magic
  2347 | D:3      | Noticed Ijyb
  2361 | D:3      | Killed Ijyb
  2361 | D:3      | Reached XP level 5. HP: 25/37 MP: 2/14
  2711 | D:3      | Noticed Jessica
  2729 | D:3      | Killed Jessica
  2905 | D:3      | Found a shimmering altar of Xom.
  2906 | D:3      | Found a hazy altar of Hepliaklqana.
  2907 | D:3      | Noticed a spectral ugly thing
  3007 | D:3      | Found a sparkling altar of Nemelex Xobeh.
  3217 | D:3      | Found a bloodstained altar of Trog.
  3368 | D:3      | Reached XP level 6. HP: 23/44 MP: 10/16
  3616 | D:4      | Noticed Blork the orc
  3628 | D:4      | Found a runed door.
  3632 | D:4      | Noticed gbos's ghost (amateur DrTm)
  3967 | D:4      | Reached skill level 5 in Dodging
  4171 | D:4      | Reached XP level 7. HP: 41/50 MP: 18/18
  4389 | D:5      | Entered Level 5 of the Dungeon
  4442 | D:5      | Found a staircase to the Ecumenical Temple.
  4451 | Temple   | Entered the Ecumenical Temple
  4468 | Temple   | Became a worshipper of Ashenzari the Shackled
  4626 | D:5      | Found a sparkling altar of Nemelex Xobeh.
  4639 | D:5      | Learned a level 2 spell: Sticks to Snakes
  5667 | D:5      | Reached skill level 5 in Stealth
  5856 | D:5      | Reached XP level 8. HP: 6/57 MP: 19/19
  6144 | D:5      | Learned a level 3 spell: Spider Form
  6840 | D:6      | Found an ornate altar of the Wu Jian Council.
  7288 | D:6      | Found Geeherghate's Magic Scroll Emporium.
  7360 | D:6      | Bought a scroll of remove curse for 42 gold pieces
  7360 | D:6      | Bought a scroll of remove curse for 42 gold pieces
  7360 | D:6      | Bought a scroll of remove curse for 42 gold pieces
  7518 | D:6      | Found a basalt altar of Yredelemnul.
  7754 | D:6      | Found a deep blue altar of Sif Muna.
  7754 | D:6      | Found an iron altar of Okawaru.
  7762 | D:6      | Found a shadowy altar of Dithmenos.
  7764 | D:6      | Found an opulent altar of Gozag.
  7766 | D:6      | Found a faded altar of an unknown god.
  7804 | D:6      | Reached skill level 8 in Spellcasting
  8392 | D:7      | Reached XP level 9. HP: 65/65 MP: 21/21
  8544 | D:7      | Reached * piety under Ashenzari
  8901 | D:7      | Found a burning altar of Makhleb.
  8924 | D:7      | Found a glowing silver altar of Zin.
  9068 | D:7      | Gained mutation: You are resistant to electric shocks.
                  | (rElec) [potion of mutation]
  9068 | D:7      | Gained mutation: You have a pair of small horns on your
                  | head. [potion of mutation]
 11050 | D:8      | Reached skill level 5 in Invocations
 11079 | D:8      | You fall through a shaft for 3 floors!
 11318 | D:11     | Reached ** piety under Ashenzari
 11364 | D:11     | Noticed a cyclops
 11418 | D:11     | Noticed a cyan ugly thing
 11424 | D:11     | Identified the +3 flail "Gram" {freeze, Int+7}
 11437 | D:10     | Entered Level 10 of the Dungeon
 11474 | D:10     | Killed from afar by an acid dragon

Skill      XL: |  1  2  3  4  5  6  7  8  9 |
---------------+----------------------------+-----
Conjurations   | 2 3 4 |  4.4
Summonings     | 2 3 4 |  4.4
Translocations | 2 3 4 |  4.4
Invocations    | 1 2 3 4 5 |  5.1
Fighting       | 1 2 3 4 |  4.6
Short Blades   | 1 2 3 4 |  4.6
Long Blades    | 1 2 3 4 |  4.6
Axes           | 1 2 3 4 |  4.6
Maces & Flails | 1 2 3 4 |  4.6
Polearms       | 1 2 3 4 |  4.6
Staves         | 1 2 3 4 |  4.6
Slings         | 1 2 3 4 |  4.6
Bows           | 1 2 3 4 |  4.6
Crossbows      | 1 2 3 4 |  4.6
Throwing       | 1 2 3 4 |  4.6
Armour         | 1 2 3 4 |  4.6
Shields        | 1 2 3 4 |  4.6
Unarmed Combat | 1 2 3 4 |  4.6
Evocations     | 1 2 3 4 |  4.6
Hexes          | 1 2 3 |  3.8
Charms         | 1 2 3 |  3.8
Necromancy     | 1 2 3 |  3.8
Transmutations | 1 2 3 |  3.8
Fire Magic     | 1 2 3 |  3.8
Ice Magic      | 1 2 3 |  3.8
Air Magic      | 1 2 3 |  3.8
Earth Magic    | 1 2 3 |  3.8
Poison Magic   | 1 2 3 |  3.8
Dodging        | 5 6 |  6.6
Stealth        | 5 6 |  6.3
Spellcasting   | 8 |  8.6

Action                   |  1- 3 |  4- 6 |  7- 9 || total
-------------------------+-------+-------+-------++-------
Melee: Mace              |     7 |     3 |       ||    10
       Unarmed           |     1 |       |     9 ||    10
       Dagger            |       |    18 |    49 ||    67
       Bite              |       |     1 |     2 ||     3
 Fire: Shortbow          |       |       |   159 ||   159
 Cast: Magic Dart        |    87 |   171 |   301 ||   559
       Conjure Flame     |       |     3 |    13 ||    16
       Blink             |       |     1 |     6 ||     7
       Sticks to Snakes  |       |       |     9 ||     9
       Mephitic Cloud    |       |       |     2 ||     2
       Spider Form       |       |       |     1 ||     1
Invok: Curse Item        |       |       |     3 ||     3
Evoke: Wand              |       |       |     3 ||     3
  Use: Scroll            |       |       |    19 ||    19
       Potion            |       |       |     3 ||     3
 Stab: Sleeping          |       |       |     4 ||     4
  Eat: Chunk             |       |     9 |    19 ||    28
       Ration            |       |       |     1 ||     1
Armor: Robe              |     6 |    14 |     9 ||    29
Dodge: Dodged            |    35 |    91 |   180 ||   306
